 Dungeon Crawl Stone Soup version 0.21-a0-361-g4efd3f9 (webtiles) character file.

240 tidbits the Insei (level 6, 35/47 HPs)
             Began as a Gnoll Transmuter on Oct 13, 2017.
             Quit the game on level 3 of the Dungeon.
             The game lasted 00:07:36 (1097 turns).

tidbits the Insei (Gnoll Transmuter)                Turns: 1097, Time: 00:07:37

Health: 35/47      AC:  2    Str: 12    XL:     6   Next: 8%
Magic:  13/13      EV: 15    Int: 17    God:
Gold:   186        SH:  0    Dex: 16    Spells: 9/15 levels left

rFire    . . .     SeeInvis .     - Unarmed
rCold    . . .     Gourm    .   (no shield)
rNeg     . . .     Faith    .   b - +0 robe
rPois    .         Spirit   .   (no helmet)
rElec    .         Reflect  .   (no cloak)
rCorr    .         Harm     .   (no gloves)
MR       .....                  (no boots)
Stlth    ++........             (no amulet)
HPRegen  0.15/turn              (no ring)
MPRegen  0.13/turn              (no ring)

@: no status effects
A: distributed training, fangs 1, strong nose
a: no special abilities


You were on level 3 of the Dungeon.
You were hungry.

You visited 1 branch of the dungeon, and saw 3 of its levels.

You collected 186 gold pieces.

Inventory:

Hand Weapons
 w - a +2 spear of venom
   (You took it off a gnoll on level 2 of the Dungeon)
Missiles
 a - 11 arrows
 g - 95 stones (quivered)
 v - a throwing net {!f}
 x - 4 tomahawks
Armour
 b - a +0 robe (worn)
Wands
 n - a wand of lightning (12/15)
 r - a wand of random effects (18/48)
Scrolls
 f - 4 scrolls of teleportation {unknown}
 j - a scroll of blinking {unknown}
 l - 4 scrolls of identify {unknown}
 o - 2 scrolls of remove curse {unknown}
 s - a scroll of magic mapping {unknown}
 t - a scroll of enchant armour {unknown}
Potions
 e - a potion of degeneration {unknown}
 h - a potion of heal wounds {unknown}
 i - 3 potions of curing {unknown}
 p - a potion of ambrosia {unknown}
 q - a potion of mutation {unknown}
 z - a potion of lignification {unknown}
Books
 c - a book of Changes

   Spells                             Type                      Level
   a - Beastly Appendage              Transmutation                1
   b - Sticks to Snakes               Transmutation                2
   c - Spider Form                    Transmutation/Poison         3
   d - Ice Form                       Ice/Transmutation            4
   e - Blade Hands                    Transmutation                5
 u - a book of Misfortune
   (You found it on level 3 of the Dungeon)

   Spells                             Type                      Level
   a - Confusing Touch                Hexes                        1
   b - Confuse                        Hexes                        3
   c - Gell's Gravitas                Translocation                3
   d - Petrify                        Transmutation/Earth          4
   e - Metabolic Englaciation         Hexes/Ice                    5
   f - Yara's Violent Unravelling     Hexes/Transmutation          5
Comestibles
 d - 4 bread rations
 k - 2 fruits
 m - 2 meat rations


   Skills:
 + Level 3.1 Fighting
 + Level 1.7 Short Blades
 + Level 1.7 Long Blades
 + Level 1.7 Axes
 + Level 1.7 Maces & Flails
 + Level 1.7 Polearms
 + Level 1.7 Staves
 + Level 1.7 Slings
 + Level 1.7 Bows
 + Level 1.7 Crossbows
 + Level 1.7 Throwing
 + Level 1.7 Armour
 + Level 4.9 Dodging
 + Level 1.7 Stealth
 + Level 1.7 Shields
 + Level 6.7 Unarmed Combat
 + Level 5.3 Spellcasting
 + Level 1.3 Conjurations
 + Level 1.3 Hexes
 + Level 1.3 Charms
 + Level 1.3 Summonings
 + Level 1.3 Necromancy
 + Level 1.3 Translocations
 + Level 4.0 Transmutations
 + Level 1.3 Fire Magic
 + Level 1.3 Ice Magic
 + Level 1.3 Air Magic
 + Level 1.3 Earth Magic
 + Level 1.3 Poison Magic
 + Level 2.0 Invocations
 + Level 1.7 Evocations


You had 9 spell levels left.
You knew the following spells:

 Your Spells              Type           Power        Failure   Level  Hunger
e - Beastly Appendage     Tmut           ###...       2%          1    None
k - Sticks to Snakes      Tmut           ###.....     4%          2    #......
p - Spider Form           Tmut/Pois      ##........   14%         3    ##.....


Dungeon Overview and Level Annotations

Branches:
Dungeon (3/15)

Altars:


Innate Abilities, Weirdness & Mutations

Your experience applies equally to all skills.
You have very sharp teeth.
Your uncanny sense of smell can sniff out nearby items.


Message History

Your +0 robe unmelds from your body.
Casting: Spider Form
Confirm with . or Enter, or press ? or * to list all spells.
You turn into a venomous arachnid creature.
Your +0 robe melds into your body.
You are feeling very hungry.
You bite the orc wizard!
The orc wizard is poisoned.
The orc wizard is heavily wounded.
The orc wizard closely misses you.
You hit the orc wizard.
The orc wizard looks as sick as possible!
The orc wizard is severely wounded.
The orc wizard hits you with a dagger.
You hit the orc wizard.
The orc wizard is severely wounded.
The orc looks more healthy.
The orc wizard gestures at you while chanting.
The magic dart hits you!
You hit the orc wizard but do no damage.
The orc wizard looks as sick as possible!
The orc wizard is almost dead.
You kill the orc wizard!
You have reached level 6!
Your experience leads to an increase in your attributes!
Your base attributes are Str 12, Int 16, Dex 16.
Increase (S)trength, (I)ntelligence, or (D)exterity?
You feel clever.
You hit the orc.
The orc is poisoned.
The orc is heavily wounded.
The orc closely misses you.
You hit the orc.
You kill the orc!
You bite the orc!
You kill the orc!
You hit the orc but do no damage.
The orc is poisoned.
The orc misses you.
You bite the orc!
You kill the orc!
Your Invocations skill increases to level 2!
Items here: ))))) ? [[[[ †††
f - 4 scrolls labeled TAF FUVUEN (gained 1)
Your transformation is almost over.
Butcher an orc corpse? [(y)es/(c)hoosy/(n)o/(a)ll/(e)dible/(q)uit/?]
Butcher an orc corpse? [(y)es/(c)hoosy/(n)o/(a)ll/(e)dible/(q)uit/?]
Okay, then.
You butcher the orc corpse.
Items here: % ))))) [[[[ †† Unknown command.
You see here a tomahawk.
x - a tomahawk
Items here: % ))))) [[[[ ††
Okay, then.
Eat a chunk of flesh? (ye/n/q)
You eat the chunk of flesh.
This raw flesh tastes terrible.
Things that are here:
a hand axe; a tomahawk; an orc corpse
x - 2 tomahawks (gained 1)
Your transformation has ended.
Your +0 robe unmelds from your body.
You see here a tomahawk.
x - 3 tomahawks (gained 1)
You see here a tomahawk.
x - 4 tomahawks (gained 1)
You see here a war axe.
A goblin comes into view.
The goblin shouts!
Casting: Spider Form
Confirm with . or Enter, or press ? or * to list all spells.
You miscast Spider Form.
You are very lightly contaminated with residual magic.
Wisps of poison gas drift from your hands.
The goblin hits you.
Casting: Spider Form
Confirm with . or Enter, or press ? or * to list all spells.
You turn into a venomous arachnid creature.
Your +0 robe melds into your body.
The goblin hits you.
You bite the goblin!
You kill the goblin!
A leopard gecko comes into view.
There is an open door here.
The leopard gecko hisses angrily.
Your transformation is almost over.
The leopard gecko barely misses you. The leopard gecko misses you.
Things that are here:
a fizzy coppery potion; a dagger You barely miss the leopard gecko.
The leopard gecko bites you.
You closely miss the leopard gecko.
The leopard gecko bites you but does no damage.
You hit the leopard gecko.
The leopard gecko is poisoned.
The leopard gecko is almost dead.
Your transformation has ended.
Your +0 robe unmelds from your body.
You kill the leopard gecko!
z - a fizzy coppery potion You open the door.
Your magical contamination has completely faded away.
There is an open door here.
You are feeling hungry.
A leopard gecko comes into view.
Are you sure you want to abandon this character and quit the game? (Confirm with "yes".)

#....# #.....
##....# ####....##
.......#.#
#####.#..# ##.#.#
########## ###.#
#..@.....########.#
#.######.......##.##
#. #.#####...... #.
#.# #.##.#. #. ..#
#.##.#. #. ...#.#
#.##.#. #.
#.##.#####.#.... #l
#.##............
.....##.........


There were no monsters in sight!

Vanquished Creatures
  A jelly (D:3)
  An orc wizard (D:3)
  8 gnolls (D:2)
  An adder (D:3)
  3 dart slugs
  2 leopard geckos (D:3)
  7 orcs (D:3)
  8 bats
  3 giant cockroaches
  9 goblins
  4 hobgoblins
  2 jackals (D:2)
  3 quokkas (D:2)
  A ball python (D:1)
  2 frilled lizards
  10 kobolds
  8 rats
73 creatures vanquished.

Vanquished Creatures (collateral kills)
  An adder (D:2)
1 creature vanquished.

Grand Total: 74 creatures vanquished

Notes
Turn   | Place    | Note
-------+----------+-------------------------------------------
     0 | D:1      | tidbits the Gnoll Transmuter began the quest for the Orb.
     0 | D:1      | Reached XP level 1. HP: 17/17 MP: 6/6
   104 | D:1      | Reached XP level 2. HP: 9/23 MP: 5/7
   108 | D:1      | Learned a level 2 spell: Sticks to Snakes
   207 | D:2      | Reached XP level 3. HP: 8/28 MP: 7/9
   212 | D:2      | Learned a level 3 spell: Spider Form
   234 | D:2      | Reached skill level 5 in Spellcasting
   248 | D:2      | Reached skill level 1 in Invocations
   369 | D:1      | Reached skill level 1 in Short Blades
   369 | D:1      | Reached skill level 1 in Long Blades
   369 | D:1      | Reached skill level 1 in Axes
   369 | D:1      | Reached skill level 1 in Maces & Flails
   369 | D:1      | Reached skill level 1 in Polearms
   369 | D:1      | Reached skill level 1 in Staves
   369 | D:1      | Reached skill level 1 in Slings
   369 | D:1      | Reached skill level 1 in Bows
   369 | D:1      | Reached skill level 1 in Crossbows
   369 | D:1      | Reached skill level 1 in Throwing
   369 | D:1      | Reached skill level 1 in Armour
   369 | D:1      | Reached skill level 1 in Stealth
   369 | D:1      | Reached skill level 1 in Shields
   369 | D:1      | Reached skill level 1 in Evocations
   406 | D:1      | Reached XP level 4. HP: 16/34 MP: 1/11
   697 | D:3      | Reached skill level 1 in Conjurations
   697 | D:3      | Reached skill level 1 in Hexes
   697 | D:3      | Reached skill level 1 in Charms
   697 | D:3      | Reached skill level 1 in Summonings
   697 | D:3      | Reached skill level 1 in Necromancy
   697 | D:3      | Reached skill level 1 in Translocations
   697 | D:3      | Reached skill level 1 in Fire Magic
   697 | D:3      | Reached skill level 1 in Ice Magic
   697 | D:3      | Reached skill level 1 in Air Magic
   697 | D:3      | Reached skill level 1 in Earth Magic
   697 | D:3      | Reached skill level 1 in Poison Magic
   816 | D:2      | Reached XP level 5. HP: 30/40 MP: 8/12
   926 | D:2      | Reached skill level 3 in Fighting
   932 | D:2      | Reached skill level 4 in Transmutations
   996 | D:3      | Reached XP level 6. HP: 26/47 MP: 8/13
  1001 | D:3      | Reached skill level 2 in Invocations
  1097 | D:3      | Quit the game

Vault maps used:
D:1:      matt_arrival_diagonals
D:2:      cheibrodos_gnoll_hut
D:3:      uniq_terence

Skill      XL: |  1  2  3  4  5  6 |
---------------+-------------------+-----
Spellcasting   | 5 |  5.3
Invocations    | 1 2 |  2.0
Short Blades   | 1 |  1.7
Long Blades    | 1 |  1.7
Axes           | 1 |  1.7
Maces & Flails | 1 |  1.7
Polearms       | 1 |  1.7
Staves         | 1 |  1.7
Slings         | 1 |  1.7
Bows           | 1 |  1.7
Crossbows      | 1 |  1.7
Throwing       | 1 |  1.7
Armour         | 1 |  1.7
Stealth        | 1 |  1.7
Shields        | 1 |  1.7
Evocations     | 1 |  1.7
Conjurations   | 1 |  1.3
Hexes          | 1 |  1.3
Charms         | 1 |  1.3
Summonings     | 1 |  1.3
Necromancy     | 1 |  1.3
Translocations | 1 |  1.3
Fire Magic     | 1 |  1.3
Ice Magic      | 1 |  1.3
Air Magic      | 1 |  1.3
Earth Magic    | 1 |  1.3
Poison Magic   | 1 |  1.3
Fighting       | 3 |  3.1
Transmutations | 4 |  4.0
Dodging        | |  4.9
Unarmed Combat | |  6.7

Action                   |  1- 3 |  4- 6 || total
-------------------------+-------+-------++-------
Melee: Unarmed           |    64 |    87 ||   151
       Kick              |     3 |       ||     3
       Bite              |     2 |       ||     2
       Headbutt          |     1 |       ||     1
 Cast: Beastly Appendage |     6 |       ||     6
       Sticks to Snakes  |     1 |       ||     1
       Spider Form       |     6 |    15 ||    21
  Eat: Chunk             |       |     2 ||     2
Armor: Robe              |     9 |       ||     9
       Skin              |     1 |     4 ||     5
Dodge: Dodged            |    42 |    67 ||   109

Table legend:
 A = Spawn XP
 B = Non-spawn XP
 C = Spawn XP percentage of total XP
 D = Spawn monster count
 E = Non-spawn monster count
 F = Spawn count percentage of total count
 G = Total turns spent on level
                    A         B        C        D         E        F      G
               +---------+---------+-------+---------+---------+-------+---------
         Total |       0 |     343 |   0.0 |       0 |      74 |   0.0 |  1097
               +---------+---------+-------+---------+---------+-------+---------
           D:1 |       0 |      47 |   0.0 |       0 |      27 |   0.0 |   385
           D:2 |       0 |     158 |   0.0 |       0 |      26 |   0.0 |   327
           D:3 |       0 |     138 |   0.0 |       0 |      21 |   0.0 |   385
               +---------+---------+-------+---------+---------+-------+---------

Table legend:
 A = Turns spent in this place as a percentage of turns spent in the entire game.
 B = Non-inter-level travel turns spent in this place as a percentage of non-inter-level travel turns spent in the entire game.
 C = Inter-level travel turns spent in this place as a percentage of turns spent in this place.
 D = Turns resting spent in this place as a percentage of non-inter-level travel turns spent in this place.
 E = Turns spent auto-exploring this place as a percentage of non-inter-level travel turns spent in this place.
 F = Non-inter-level travel turns spent in this place divided by the number of levels of this place that you've seen.
                   A       B       C       D       E      F
               +-------+-------+-------+-------+-------+----------------------
         Total | 100.0 | 100.0 |   2.0 |   0.0 |   0.0 | 358.3
       Dungeon | 100.0 | 100.0 |   2.0 |   0.0 |   0.0 | 358.3
               +-------+-------+-------+-------+-------+----------------------

Table legend:
 A = Kills in this place as a percentage of kills in entire the game.
 B = Kills by you in this place as a percentage of kills by you in the entire game.
 C = Kills by friends in this place as a percentage of kills by friends in the entire game.
 D = Other kills in this place as a percentage of other kills in the entire game.
 E = Experience gained in this place as a percentage of experience gained in the entire game.
 F = Experience gained in this place divided by the number of levels of this place that you have seen.
                   A       B       C       D       E      F
               +-------+-------+-------+-------+-------+----------------------
         Total | 100.0 | 100.0 | 100.0 |   N/A | 100.0 | 114.3
       Dungeon | 100.0 | 100.0 | 100.0 |   N/A | 100.0 | 114.3
               +-------+-------+-------+-------+-------+----------------------

Vault maps used:
D:1:      matt_arrival_diagonals
D:2:      cheibrodos_gnoll_hut
D:3:      uniq_terence
